 Dungeon Crawl Stone Soup version 0.30.1-4-g462c640d31 (webtiles) character file.

Game seed: 8781780882085048658

94355 Wiggles the Executioner (level 15, -4/130 (147) HPs)
             Began as a Minotaur Berserker on Sept 13, 2023.
             Was a High Priest of Trog.
             Slain by a tyrant leech (10 damage)
             ... on level 1 of the Swamp.
             The game lasted 00:41:17 (21984 turns).

Wiggles the Executioner (Minotaur Berserker)       Turns: 21984, Time: 00:41:17

HP:   -4/130 (147)  AC: 28    Str: 31    XL:     15   Next: 63%
MP:   14/14         EV: 10    Int:  4    God:    Trog [*****.]
Gold: 2891          SH:  0    Dex: 11    Spells: 14/14 levels left

rFire   . . .        H - +6 battleaxe (flame)
rCold   + + .        (shield currently unavailable)
rNeg    . . .        T - +7 plate armour {ponderous}
rPois   .            (helmet restricted)
rElec   .            a - scarf {rC+ rF+}
rCorr   .            Q - +0 pair of gloves
SInv    .            f - +0 pair of boots
Will    +....        j - amulet of regeneration Stlth
                     m - ring "Biemok" {Ice *Corrode Str+3 Slay+2}
HPRegen 1.21/turn    V - +4 ring of slaying
MPRegen 0.14/turn

%: corrode self (3%)
@: heavily drained, slow
A: horns 2, retaliatory headbutt
a: Renounce Religion, Berserk, Trog's Hand, Brothers in Arms


You were on level 1 of the Swamp.
You worshipped Trog.
Trog was extremely pleased with you.
You visited 4 branches of the dungeon, and saw 23 of its levels.
You also visited: Gauntlet and Ice Cave.

You collected 3204 gold pieces.
You spent 313 gold pieces at shops.

Inventory:

Hand Weapons
 H - a +6 battleaxe of flaming (weapon)
Armour
 a - a scarf of resistance (worn)
 f - a +0 pair of boots (worn)
 Q - a +0 pair of gloves (worn)
 T - a +7 plate armour of ponderousness (worn)
Jewellery
 c - a ring of protection from fire
 j - an amulet of regeneration (around neck)
 m - the ring "Biemok" (left hand) {Ice *Corrode Str+3 Slay+2}
   (You found it on level 5 of the Dungeon)

   [ring of ice]

   It enhances your ice magic.
   Str:       It affects your strength (+3).
   Slay:      It affects your accuracy & damage with ranged weapons and melee
   (+2).
   rF:        It makes you vulnerable to fire.
   rC:        It protects you from cold.
   *Corrode:  It may corrode you when you take damage.
 n - a ring of ice
 q - a ring of see invisible
 u - a +6 ring of dexterity
 A - a ring of flight
 F - a +4 ring of protection
 V - a +4 ring of slaying (right hand)
 Y - a +6 ring of dexterity
 Z - a ring of positive energy
Wands
 b - a wand of digging (13)
 g - a wand of mindburst (21)
 h - a wand of iceblast (38)
 l - a wand of flame (35)
 x - a wand of acid (42)
 C - a wand of charming (10)
 L - a wand of polymorph (12)
Scrolls
 e - 2 scrolls of fear
 w - 19 scrolls of teleportation
 y - 5 scrolls of blinking
 I - 2 scrolls of silence
 R - 5 scrolls of magic mapping
 S - 4 scrolls of identify
Potions
 d - 10 potions of might
 i - 6 potions of heal wounds
 o - 3 potions of lignification
 p - 3 potions of resistance
 r - 6 potions of ambrosia
 s - 2 potions of haste
 t - 4 potions of flight
 v - a potion of attraction {unknown}
 z - 3 potions of magic
 B - 2 potions of invisibility
 E - 9 potions of curing
 K - 2 potions of mutation
 M - 2 potions of berserk rage
 O - a potion of cancellation
Miscellaneous
 k - a lightning rod (4/4)
 J - a piece from Xom's chessboard (15/15)
 W - a phial of floods
 X - a tin of tremorstones (2/2)


   Skills:
 + Level 17.3 Fighting
 + Level 21.7 Axes
 + Level 17.7 Armour
 + Level 5.1 Dodging
 + Level 2.5 Stealth
 + Level 3.9 Shields
 + Level 0.3 Evocations


You had 14 spell levels left.
You didn't know any spells.
Your spell library was empty.

Dungeon Overview and Level Annotations

Branches:
Dungeon (15/15)            Temple (0/1) D:4            Lair (5/5) D:9
  Swamp (1/4) Lair:2       Spider (0/4) Lair:3        Slime (0/5) Lair:4
    Orc (2/2) D:12            Elf (0/3) Orc:2        Vaults (0/5) D:13
 Depths (0/4) D:15          IceCv (visited)         Gauntlet (visited)

Altars:
Dithmenos
Elyvilon
Gozag
Hepliaklqana
Kikubaaqudgha
Makhleb
Qazlal
Sif Muna
Trog
Vehumet
Xom
Yredelemnul
Zin
The Shining One
Jiyva

Shops:
D:10 **   Orc:2 ![(=

Portals:
Hell: Lair:5

Annotations:
Lair:1 1 runed translucent door, Firil's ghost, journeyman OpFE
Lair:5 2 transporters, ChiefBigBeans's ghost, journeyman MfGl


Innate Abilities, Weirdness & Mutations

You have a pair of horns on your head.
You reflexively headbutt those who attack you in melee.


Message History

You enter the shallow water.
Moving in this stuff is going to be slow.
You hit the tyrant leech. You burn the tyrant leech.
The tyrant leech is lightly wounded.
You barely miss the will-o-the-wisp. The tyrant leech bites you.
The tyrant leech draws strength from your injuries!
The will-o-the-wisp closely misses you. You furiously retaliate!
You headbutt the will-o-the-wisp!
The will-o-the-wisp gestures.
The will-o-the-wisp conjures some foxfire!
The tyrant leech bites you!!
The tyrant leech draws strength from your injuries! 2 foxfires come into view.
You slash the will-o-the-wisp! You burn the will-o-the-wisp.
Your headbutt misses the will-o-the-wisp.
The will-o-the-wisp is severely damaged.
You completely miss the tyrant leech. You slash the foxfire!
The foxfire hits you.
The will-o-the-wisp engulfs you but does no damage.
The tyrant leech misses you.
You slice the will-o-the-wisp!! You burn the will-o-the-wisp.
You destroy the will-o-the-wisp!
Trog accepts your kill.
You slash the tyrant leech! You burn the tyrant leech.
The tyrant leech bites you!
* * * LOW HITPOINT WARNING * * *
The tyrant leech draws strength from your injuries!
The tyrant leech bites you!
* * * LOW HITPOINT WARNING * * *
The tyrant leech draws strength from your injuries!
There is a stone staircase leading down here.
The tyrant leech bites you!!
* * * LOW HITPOINT WARNING * * *
The tyrant leech draws strength from your injuries!
You closely miss the tyrant leech. You headbutt the tyrant leech.
The tyrant leech is lightly wounded.
You closely miss the tyrant leech. You headbutt the tyrant leech.
The tyrant leech is lightly wounded.
The tyrant leech bites you!
You die...

♣♣♣ ~.~ ♣~~~~~~.♣♣
~...~♣♣.~§~~.
..~~.♣♣~.~~~.. ~§~§.♣
♣♣♣ .~§~. ♣♣♣♣♣~♣♣..~♣
♣♣.~♣.~♣.~.♣
♣.~~...~.~~♣
♣.~~..@>...♣ ..~~
♣.~~~.w.♣♣♣♣ ♣♣♣♣ ~.~
♣♣~~~~~.♣♣ ♣♣...♣♣~.
♣.~~~~.~♣ ♣..~.~.~.
♣♣......♣ ♣♣♣....♣.~~
♣♣.....~♣ ♣♣.§~..~~~.~
♣♣~~~~~.♣♣ ♣.~~~.~~~..~
♣.~§~~~~♣♣♣♣.~~~..~~...
♣♣~~§~.♣♣♣~..~~~.~~~..♣


You could see a tyrant leech.

Vanquished Creatures
  Rupert (D:15)
  A reaper (Gauntlet)
  2 minotaurs
  4 eleionomae (Swamp:1)
  Josephine (D:15)
  9 hydras
  A ghost crab (Swamp:1)
  Erolcha (Orc:2)
  2 catoblepae
  2 boulder beetles
  3 tengu warriors
  2 alligators (Swamp:1)
  A death yak (Lair:5)
  A two-headed ogre (D:13)
  4 skysharks
  A fire crab (shapeshifter) (D:13)
  A fire crab (Lair:4)
  A pharaoh ant (Lair:3)
  A goliath frog (Swamp:1)
  8 slime creatures
  A swamp dragon (Swamp:1)
  A bog body (Swamp:1)
  An orc knight (D:15)
  A deep elf zephyrmancer (D:15)
  2 wizards (D:15)
  A deep elf pyromancer (D:14)
  2 necromancers
  3 manticores
  8 cyclopes
  9 orc sorcerers (Orc:2)
  A will-o-the-wisp (Swamp:1)
  7 ugly things
  An oklob plant (Lair:2)
  21 elephants
  A naga mage (D:15)
  2 centaur zombies (D:15)
  3 ice statues (IceCv)
  7 black mambas
  12 cane toads
  2 gargoyles
  2 centaur skeletons (D:15)
  2 minotaur zombies (Gauntlet)
  4 komodo dragons
  2 unseen horrors (D:11)
  3 rime drakes (Lair:5)
  An efreet (D:15)
  3 freezing wraiths
  2 ice devils (Lair:1)
  2 tengu conjurers (D:15)
  2 polar bears (Lair:5)
  3 trolls
  2 hornets
  13 blink frogs
  2 tarantellas (Lair:3)
  5 dream sheep (Lair:5)
  6 wraiths
  3 wyverns
  A spriggan (Swamp:1)
  A dire elephant simulacrum (IceCv)
  3 shadows
  A vampire (D:10)
  37 yaks
  2 basilisks (D:14)
  A chaos spawn (Gauntlet)
  A human (D:9)
  2 vampire mosquitoes (D:14)
  A neqoxec (Gauntlet)
  2 steam dragons
  A redback (Lair:3)
  A harpy simulacrum (IceCv)
  2 death yak simulacra (IceCv)
  7 swamp worms
  2 wargs (Orc:2)
  A hydra simulacrum (IceCv)
  A hell hound (Lair:5)
  2 acid dragons
  16 water moccasins
  A swamp drake (Swamp:1)
  12 orc warriors
  4 black bears
  6 ogres
  14 wolves
  13 centaurs
  2 phantoms (D:12)
  10 bullfrogs
  2 scorpions (D:5)
  2 gnoll sergeants
  2 cane toad simulacra (IceCv)
  5 wights (D:6)
  A troll zombie (D:12)
  An elephant simulacrum (IceCv)
  4 killer bees
  4 crimson imps (D:9)
  7 howler monkeys
  10 orc priests
  3 jellies
  2 hounds (D:5)
  A human zombie (D:9)
  28 orc wizards
  3 iguanas
  A boggart skeleton (D:15)
  7 ogre zombies (D:12)
  Robin (D:2)
  13 gnolls
  12 adders
  4 shadow imps
  A white imp (D:6)
  3 ufetubi
  4 worms
  4 dart slugs
  55 orcs
  9 ball pythons
  5 bats
  4 endoplasms
  7 giant cockroaches
  20 goblins
  11 hobgoblins
  7 jackals
  4 quokkas
  5 frilled lizards
  2 hobgoblin skeletons (D:12)
  A hobgoblin zombie (D:12)
  A jackal zombie (D:9)
  9 kobolds
  2 orc skeletons (D:12)
  19 orc zombies (D:12)
  8 rats
631 creatures vanquished.

Vanquished Creatures (collateral kills)
  The ghost of Diggabert the Basher, a journeyman HuMo of the Shining One (D:11)
  6 death yaks (Lair:3)
  A sixfirhy (Lair:5)
  A wizard (Lair:5)
  2 orange demons (Lair:5)
  2 ice devils (Lair:5)
  A red devil (Lair:5)
  A hellwing (Lair:5)
  A shadow (D:11)
  3 hell hounds (Lair:5)
19 creatures vanquished.

Vanquished Creatures (others)
  A quokka (D:7)
  8 foxfires (Swamp:1)
9 creatures vanquished.

Grand Total: 659 creatures vanquished

Notes
Turn   | Place    | Note
-------+----------+-------------------------------------------
     0 | D:1      | Wiggles the Minotaur Berserker began the quest for the Orb.
     0 | D:1      | Reached XP level 1. HP: 19/19 MP: 0/0
    88 | D:1      | Reached XP level 2. HP: 22/27 MP: 1/1
   129 | D:1      | Reached skill level 4 in Axes
   531 | D:1      | Reached XP level 3. HP: 33/33 MP: 2/2
   651 | D:1      | Reached ** piety under Trog
  1449 | D:2      | Reached XP level 4. HP: 41/41 MP: 3/3
  1458 | D:2      | Noticed Robin
  1465 | D:2      | Reached skill level 5 in Axes
  1472 | D:2      | Killed Robin
  2143 | D:3      | Found an opulent altar of Gozag.
  2269 | D:3      | Found a glowing silver altar of Zin.
  2269 | D:3      | Noticed an angel
  2348 | D:3      | Reached *** piety under Trog
  2456 | D:3      | Reached XP level 5. HP: 47/47 MP: 4/4
  2706 | D:4      | Found a staircase to the Ecumenical Temple.
  2842 | D:4      | Noticed an ogre
  2870 | D:4      | Killed an ogre
  2871 | D:4      | Reached skill level 6 in Axes
  2871 | D:4      | Reached XP level 6. HP: 55/55 MP: 5/5
  3124 | D:4      | Reached skill level 5 in Fighting
  3421 | D:5      | Entered Level 5 of the Dungeon
  3429 | D:5      | Reached skill level 1 in Shields
  3444 | D:5      | Reached skill level 7 in Axes
  3444 | D:5      | Reached XP level 7. HP: 29/61 MP: 6/6
  3658 | D:5      | Identified the ring "Biemok" {Ice *Corrode Str+3 Slay+2}
  3787 | D:5      | Reached skill level 1 in Stealth
  3817 | D:5      | HP: 2/61 [centaur (2)]
  3819 | D:5      | Reached skill level 5 in Armour
  4248 | D:5      | Found a glowing golden altar of the Shining One.
  4468 | D:5      | Reached skill level 8 in Axes
  4471 | D:5      | Reached XP level 8. HP: 70/70 MP: 7/7
  4525 | D:5      | Reached **** piety under Trog
  5479 | D:6      | Reached skill level 9 in Axes
  5669 | D:6      | Found a bloodstained altar of Trog.
  6147 | D:6      | Found a stormy altar of Qazlal.
  6252 | D:7      | Reached XP level 9. HP: 78/78 MP: 8/8
  6349 | D:7      | Reached skill level 10 in Axes
  6368 | D:7      | Found a white marble altar of Elyvilon.
  6387 | D:7      | Found a hazy altar of Hepliaklqana.
  7104 | D:7      | Noticed a cyclops
  7108 | D:7      | Killed a cyclops
  7481 | D:8      | Reached skill level 11 in Axes
  8125 | D:9      | Reached XP level 10. HP: 77/88 MP: 9/9
  8158 | D:9      | Reached skill level 12 in Axes
  8301 | D:9      | Found a shadowy altar of Dithmenos.
  8471 | D:9      | Found a shimmering blue altar of Sif Muna.
  8576 | D:9      | Found a runed translucent door.
  8578 | D:9      | Reached ***** piety under Trog
  8580 | D:9      | Found a basalt altar of Yredelemnul.
  8723 | D:9      | Found a staircase to the Lair.
  8727 | D:9      | Reached skill level 10 in Armour
  8752 | D:9      | Found a shimmering altar of Xom.
  8837 | D:10     | Entered Level 10 of the Dungeon
  8837 | D:10     | Found a burning altar of Makhleb.
  8849 | D:10     | Paralysed by a hornet for 3 turns
  8936 | D:10     | Reached skill level 13 in Axes
  8993 | D:10     | Noticed a gargoyle
  8997 | D:10     | Killed a gargoyle
  9222 | D:10     | Found Ynuron's Assorted Antiques.
  9226 | D:10     | Bought a gold wand for 92 gold pieces
  9390 | D:10     | Found Movaumou's Assorted Antiques.
  9399 | D:10     | Bought a smoking war axe for 221 gold pieces
  9399 | D:10     | Identified the +10 war axe of the Curses {freeze, rElec
                  | rN+} (You bought it in a shop on level 10 of the Dungeon)
  9747 | D:11     | Received a gift from Trog
  9851 | D:11     | Noticed a cyclops
  9859 | D:11     | Killed a cyclops
  9860 | D:11     | Reached XP level 11. HP: 97/97 MP: 10/10
  9938 | D:11     | Noticed a minotaur
  9941 | D:11     | Noticed Diggabert's ghost (journeyman HuMo)
  9943 | D:11     | Noticed a boulder beetle
 10129 | D:11     | Found a runed translucent gate.
 10130 | D:11     | Found a runed translucent gate.
 10135 | D:11     | Found a runed translucent gate.
 10289 | Lair:1   | Entered Level 1 of the Lair of Beasts
 10320 | Lair:1   | Reached skill level 10 in Fighting
 10443 | Lair:1   | Found a frozen archway.
 10456 | Lair:1   | Reached skill level 14 in Axes
 10509 | IceCv    | Entered an ice cave
 10689 | IceCv    | Noticed a white ugly thing
 10758 | IceCv    | Killed a white ugly thing
 10762 | IceCv    | Reached skill level 15 in Axes
 10772 | IceCv    | Identified the +8 glaive "Hureth" {vamp, rN+ SInv}
 10776 | IceCv    | Identified the +8 hand axe of the Ancient Princes {drain,
                  | Str+5 Int+3}
 11062 | Lair:1   | Found a runed translucent door.
 11062 | Lair:1   | Found a shimmering altar of Xom.
 11062 | Lair:1   | Noticed Firil's ghost (journeyman OpFE)
 11063 | Lair:1   | Noticed a +1 trident of chaos
 11624 | Lair:2   | Identified the amulet "Heagh" {Spirit Int+3}
 11655 | Lair:2   | Found a shimmering altar of Xom.
 11781 | Lair:2   | Noticed an oklob plant
 11860 | Lair:2   | Reached skill level 16 in Axes
 11879 | Lair:2   | Killed an oklob plant
 11880 | Lair:2   | Reached XP level 12. HP: 49/110 MP: 11/11
 12076 | Lair:2   | Noticed a boulder beetle
 12093 | Lair:2   | Killed a boulder beetle
 12284 | Lair:2   | Noticed an eight-headed hydra
 12293 | Lair:2   | Killed a seven-headed hydra
 12302 | Lair:2   | Noticed a six-headed hydra
 12308 | Lair:2   | Killed a three-headed hydra
 12353 | Lair:2   | Found a staircase to the Swamp.
 12400 | Lair:2   | Reached skill level 17 in Axes
 13047 | Lair:3   | Found a hole to the Spider Nest.
 13160 | Lair:3   | Reached XP level 13. HP: 105/119 MP: 12/12
 13162 | Lair:3   | Reached skill level 18 in Axes
 14167 | Lair:4   | Received a gift from Trog
 14399 | Lair:4   | Found a viscous altar of Jiyva.
 14399 | Lair:4   | Found a staircase to the Slime Pits.
 14544 | Lair:4   | Reached skill level 19 in Axes
 14911 | Lair:5   | Entered Level 5 of the Lair of Beasts
 15063 | Lair:5   | Noticed ChiefBigBeans's ghost (journeyman MfGl)
 15068 | Lair:5   | Found a transporter.
 15073 | Lair:5   | Reached skill level 15 in Armour
 15426 | Lair:5   | Reached XP level 14. HP: 110/132 MP: 13/13
 15479 | Lair:5   | Found a burning altar of Makhleb.
 15519 | Lair:5   | Found a gateway to Hell.
 15609 | Lair:5   | Reached skill level 20 in Axes
 15809 | Lair:5   | Found a bloodstained altar of Trog.
 15822 | Lair:5   | Found a transporter.
 16446 | D:11     | Killed Diggabert's ghost
 16514 | D:12     | Found a staircase to the Orcish Mines.
 16694 | D:12     | Found a gate leading to a gauntlet.
 16717 | Gauntlet | Entered a Gauntlet
 16717 | Gauntlet | Found a transporter.
 16717 | Gauntlet | Found a transporter.
 16717 | Gauntlet | Found a transporter.
 16721 | Gauntlet | Found a transporter.
 16721 | Gauntlet | Found a transporter.
 16723 | Gauntlet | Found a transporter.
 16723 | Gauntlet | Found a large runed translucent door.
 16724 | Gauntlet | Found a large runed translucent door.
 16725 | Gauntlet | Found a large runed translucent door.
 16725 | Gauntlet | Found a large runed translucent door.
 16725 | Gauntlet | Found a runed translucent door.
 16727 | Gauntlet | Found a large runed translucent door.
 16727 | Gauntlet | Found a large runed translucent door.
 16728 | Gauntlet | Found a large runed translucent door.
 16728 | Gauntlet | Found a large runed translucent door.
 16729 | Gauntlet | Found a runed translucent gate.
 16731 | Gauntlet | Found a transporter.
 16735 | Gauntlet | Found a transporter.
 16738 | Gauntlet | Noticed a reaper
 16741 | Gauntlet | Noticed a quicksilver ooze
 16745 | Gauntlet | Found a transporter.
 16837 | Gauntlet | Found a large runed translucent door.
 16838 | Gauntlet | Found a large runed translucent door.
 16839 | Gauntlet | Found a large runed translucent door.
 16839 | Gauntlet | Found a large runed translucent door.
 16839 | Gauntlet | Found a runed translucent door.
 16840 | Gauntlet | Found a large runed translucent door.
 16841 | Gauntlet | Found a large runed translucent door.
 16842 | Gauntlet | Found a large runed translucent door.
 16842 | Gauntlet | Found a large runed translucent door.
 16843 | Gauntlet | Found a runed translucent gate.
 16843 | Gauntlet | Found a runed translucent gate.
 16845 | Gauntlet | Found a transporter.
 16849 | Gauntlet | Found a transporter.
 16861 | Gauntlet | Found a transporter.
 16962 | Gauntlet | Identified the +3 leather armour of the Present {Rampage
                  | Drain rF+ Int+2}
 17005 | Gauntlet | Killed a reaper
 17006 | Gauntlet | Reached skill level 15 in Fighting
 17109 | D:12     | Found a burning altar of Makhleb.
 17362 | D:12     | Noticed a balrug
 18209 | D:13     | Found a gate to the Vaults.
 18564 | D:14     | Received a gift from Trog
 18781 | D:14     | You fall into a shaft and drop 1 floor!
 18781 | D:15     | Entered Level 15 of the Dungeon
 18784 | D:15     | Noticed Rupert
 18802 | D:15     | Killed Rupert
 18831 | D:15     | Noticed Josephine
 18841 | D:15     | Reached skill level 21 in Axes
 18841 | D:15     | Killed Josephine
 18842 | D:15     | Reached XP level 15. HP: 131/143 MP: 14/14
 19062 | D:15     | Found a staircase to the Depths.
 19197 | D:15     | Found a basalt altar of Yredelemnul.
 19885 | Orc:1    | Entered Level 1 of the Orcish Mines
 20119 | Orc:1    | Received a gift from Trog
 20252 | Orc:2    | Entered Level 2 of the Orcish Mines
 20252 | Orc:2    | Found a staircase to the Elven Halls.
 20575 | Orc:2    | Paralysed by an orc sorcerer for 2 turns
 20615 | Orc:2    | Paralysed by an orc sorcerer for 5 turns
 20640 | Orc:2    | Reached skill level 5 in Dodging
 20726 | Orc:2    | Found Cadel's Antique Armour Shoppe.
 20747 | Orc:2    | Found a radiant altar of Vehumet.
 20747 | Orc:2    | Noticed Erolcha
 20753 | Orc:2    | Killed Erolcha
 20763 | Orc:2    | Received a gift from Trog
 20782 | Orc:2    | Found an ancient bone altar of Kikubaaqudgha.
 20782 | Orc:2    | Paralysed by an orc sorcerer for 2 turns
 20809 | Orc:2    | Found Fijeps's Jewellery Emporium.
 20842 | Orc:2    | Found Dockau's Distillery.
 20859 | Orc:2    | Found Icoistrec's Antique Weapon Emporium.
 21453 | Swamp:1  | Entered Level 1 of the Swamp
 21982 | Swamp:1  | HP: 5/130 [tyrant leech (21)]
 21984 | Swamp:1  | Slain by a tyrant leech

Illustrated notes

Levels and vault maps discovered:
D:1:      amcnicky_arrival_underground_garden, layout_loops_ring
D:2:      minmay_diamond_boxcup, layout_loops_corners, uniq_robin
D:3:      layout_loops_ring, old_standard_altar, zin_angel
D:4:      minmay_recursive_quarters, layout_loops_ring,
          minmay_temple_entry_drinking_statues
D:5:      layout_layer_cave, tso_oasis_becter, grunt_ministairs_5
D:6:      layout_basic, lemuel_coloured_pillars_altar,
          mainiacjoe_overflow_brackets
D:7:      layout_basic, elyvilon_altar_4, mainiacjoe_overflow_cross_hatched,
          serial_glass, glass_columns_a, glass_columns_a, grunt_ministairs_13,
          grunt_decor_resistance
D:8:      layout_loops_corners
D:9:      layout_basic, led_xom_imps, kennysheep_mini_moat,
          dk_yredelemnul_ordeal, mainiacjoe_overflow_catwalk,
          david_lair_shrubbed, minmay_holes, chequers_garden
D:10:     layout_long_grid, amcnicky_altar_gilded, serial_shops,
          nicolae_shop_back_alley_shop, shop_coins
D:11:     layout_rooms, maelrawn_ghost_gauntlet_escape, kb_lookout_dungeons_type
D:12:     layout_irregular_city, zombieorc2_lemuel, gauntlet_entry_generic,
          makhleb_altar_promises_db
D:13:     layout_basic, david_vaults_1
D:14:     layout_rooms, minivault_23
D:15:     grunt_enter_depths_magical_seal, layout_irregular_city,
          yredelemnul_altar_generic, uniq_josephine, uniq_rupert
Lair:1:   layout_roguey, portal_ice_cave_demonic_guard, ebering_ghost_xom
Lair:2:   layout_hall_layers, palyth_hydra_swamp_entry, lemuel_centaur_altar
Lair:3:   layout_hall_layers, nicolae_spider_entry_lesser_pyramids,
          infiniplex_staircase_pool
Lair:4:   layout_cellular_growth, dpeg_slime_entry_enclosed, grunt_megastairs_1
Lair:5:   evil_forest, layout_cave_pods, gammafunk_ghost_wrathful_warriors
Swamp:1:  layout_basic_swamp, hangedman_swamp_blocks, swamp_pool3,
          statue_in_the_mist_lemuel, st_swamp_ruins_3
Orc:1:    layout_caves
Orc:2:    kennysheep_orc_mage_school, layout_caves, basic_altar

Skill      XL: |  1  2  3  4  5  6  7  8  9 10 11 12 13 14 15 |
---------------+----------------------------------------------+-----
Axes           | 4 5 6 7 8 9 11 13 16 17 19 21 | 21.7
Fighting       | 4 5 6 8 9 11 12 14 15 17 | 17.3
Armour         | 3 4 6 7 9 11 12 13 15 16 17 | 17.7
Dodging        | 3 4 5 |  5.1
Shields        | 1 2 3 |  3.9
Stealth        | 1 2 |  2.5
Evocations     | |  0.3

Action                     |  1- 3 |  4- 6 |  7- 9 | 10-12 | 13-15 || total
---------------------------+-------+-------+-------+-------+-------++-------
  Melee: Hand axe          |    96 |   118 |   144 |       |       ||   358
         Headbutt          |    12 |    17 |    35 |    51 |   137 ||   252
         War axe           |       |       |    56 |    83 |       ||   139
         Battleaxe         |       |       |       |   218 |   615 ||   833
 Invoke: Berserk           |       |     3 |     5 |     7 |     7 ||    22
         Brothers in Arms  |       |       |       |       |     6 ||     6
  Evoke: Wand              |       |       |       |     3 |       ||     3
    Use: Scroll            |       |       |    20 |     8 |     2 ||    30
         Potion            |       |       |       |     2 |     4 ||     6
   Stab: Distracted        |       |       |       |       |     1 ||     1
 Armour: Animal skin       |     7 |       |       |       |       ||     7
         Scale mail        |    32 |    47 |       |       |       ||    79
         Chain mail        |       |     4 |    65 |       |       ||    69
         Plate armour      |       |       |    13 |   218 |   410 ||   641
  Dodge: Dodged            |    45 |    81 |   147 |   171 |   239 ||   683
  Block: Buckler           |     8 |    14 |    30 |    14 |       ||    66
